 Dungeon Crawl Stone Soup version 0.28.0-43-g3370ac3207 (webtiles) character file.

Game seed: 9938204716842539693

2441 Faeu the Fighter (level 9, -18/82 HPs)
             Began as a Minotaur Fighter on Mar 27, 2022.
             Was a Follower of Trog.
             Killed from afar by Harold (29 damage)
             ... with a bolt of acid
             ... on level 7 of the Dungeon on Mar 28, 2022.
             The game lasted 00:26:56 (6123 turns).

Faeu the Fighter (Minotaur Fighter)                 Turns: 6123, Time: 00:26:56

Health: -18/82     AC:  7    Str: 32    XL:     9   Next: 25%
Magic:  0/8        EV: 10    Int:  5    God:    Trog [*.....]
Gold:   330        SH:  5    Dex: 10    Spells: 8/8 levels left

rFire   . . .      SeeInvis +   q - +6 long sword "Dyrefymy" {vorpal, rN+ Str+7 Stlth-, long}
rCold   . . .      Faith    .   c - +0 buckler
rNeg    + + .      Spirit   +   b - +0 scale mail
rPois   .          Reflect  .   (helmet restricted)
rElec   .          Harm     .   x - +0 cloak
rCorr   .          Rampage  .   D - +0 pair of gloves
Will    .....                   (no boots)
Stlth   ..........              f - amulet of guardian spirit
HPRegen 0.23/turn               n - ring of positive energy
MPRegen 0.11/turn               y - ring of see invisible

@: marked, corroded
A: horns 2, retaliatory headbutt
a: Renounce Religion, Berserk


You were on level 7 of the Dungeon.
You worshipped Trog.
Trog was aware of your devotion.
You visited 1 branch of the dungeon, and saw 8 of its levels.

You collected 330 gold pieces.


Innate Abilities, Weirdness & Mutations

You have a pair of horns on your head.
You reflexively headbutt those who attack you in melee.


   Skills:
 + Level 8.3 Fighting
 + Level 7.8 Long Blades
 + Level 8.3 Armour
 + Level 8.3 Shields


You had 8 spell levels left.
You didn't know any spells.
Your spell library contained the following spells:

 Spells                   Type           Power      Damage    Failure   Level
 Magic Dart               Conj           0%         1d3       77%         1
 Shock                    Conj/Air       0%         1d3       77%         1
 Summon Small Mammal      Summ           0%         N/A       77%         1
 Call Imp                 Summ           0%         N/A       88%         2
 Scorch                   Fire           0%         2d5       88%         2
 Static Discharge         Conj/Air       0%         N/A       88%         2
 Call Canine Familiar     Summ           0%         N/A       98%         3
 Mephitic Cloud           Conj/Pois/Air  0%         N/A       98%         3
 Summon Guardian Golem    Hex/Summ       0%         N/A       98%         3
 Swiftness                Air            0%         N/A       98%         3
 Airstrike                Air            0%         N/A       100%        4
 Hailstorm                Conj/Ice       0%         3d3       100%        4
 Lightning Bolt           Conj/Air       0%         1d11      100%        5
 Ignition                 Fire           0%         3d3       100%        8
 Maxwell's Capacitive Co  Air            0%         ∞         100%        8

Inventory:

Hand Weapons
 j - a +5 spear of flaming {polearm}
   (You took it off a gnoll sergeant on level 8 of the Dungeon)
 q - the +6 long sword "Dyrefymy" (weapon) {vorpal, rN+ Str+7 Stlth-, long}
   (You found it on level 3 of the Dungeon)

   It inflicts extra damage upon your enemies.
   Str:       It affects your strength (+7).
   rN:        It protects you from negative energy.
   Stlth:     It makes you less stealthy.
 A - a +2 vorpal war axe {axe}
   (You took it off a wight on level 7 of the Dungeon)
Missiles
 r - 111 stones (quivered) {throwing}
Armour
 b - a +0 scale mail (worn)
 c - a +0 buckler (worn)
 x - a +0 cloak (worn)
   (You found it on level 4 of the Dungeon)
 C - a +2 leather armour of cold resistance
   (You found it on level 7 of the Dungeon)
 D - a +0 pair of gloves (worn)
   (You found it on level 6 of the Dungeon)
 G - a +3 leather armour
   (You found it on level 5 of the Dungeon)
Jewellery
 f - an amulet of guardian spirit (around neck)
   (You found it on level 1 of the Dungeon)
 n - a ring of positive energy (left hand)
   (You found it on level 2 of the Dungeon)
 y - a ring of see invisible (right hand)
   (You found it on level 8 of the Dungeon)
Wands
 i - a wand of iceblast (6)
   (You found it on level 2 of the Dungeon)
 z - a wand of acid (4)
   (You found it on level 6 of the Dungeon)
Scrolls
 a - a scroll of vulnerability {unknown}
 k - 4 scrolls of noise {!r}
 l - 3 scrolls of teleportation {@r4}
 m - a scroll of enchant weapon {unknown}
 t - a scroll of magic mapping {unknown}
 w - 2 scrolls of fog
 H - a scroll of acquirement {unknown}
 I - a scroll of amnesia {unknown}
 J - a scroll of fear
 K - a scroll of identify {@r1}
Potions
 d - 3 potions of might
 e - 7 potions of curing {@q1}
 g - 2 potions of magic
 h - a potion of lignification {unknown}
 o - a potion of heal wounds {@q2}
 p - a potion of haste {unknown}
 s - a potion of ambrosia {unknown}
 u - 2 potions of attraction {!q}
 v - a potion of degeneration {unknown}
 B - a potion of invisibility {unknown}
 E - a potion of flight {unknown}
 F - a potion of berserk rage {unknown}
 L - a potion of resistance {unknown}

Dungeon Overview and Level Annotations

Branches:
Dungeon (8/15)             Temple (0/1) D:5
   Lair: D:8-11

Altars:
Fedhas
Gozag
Nemelex Xobeh
Ru
Trog
Vehumet
Xom
Zin

Shops:
D:5 :

Annotations:
D:7 Harold

#..........#
#......#....#
#........>.#
########.#..#
############
#.#..# .
########### ###
#....#..
#.........# #..
......#..#.#
##.#######.# #.#
#..####..#.#
#......# #.# #.#
#. #..#.##
#......# #.# #@#
##..... #......#
#.# #@# #...##
#......###.###.#
#...#
#............(.#
#...#
#..#######.###.#
#...#
#..#######.# #.#
#...##
#..........# #.#
#.....
##.######### ###
##...#
#.#############
#.>.#
##.............#
##...


You could see Harold.


Message History

You take 5 damage, and now have 76/81 hp.
You lost 1 mp, and now have 7/8 mp. 😕 HP[+1] Joseph says, "It's nothing personal, but I have to kill you."
Joseph unwields a +0 hunting sling.
Joseph wields a +0 quarterstaff.
Joseph misses you.
You closely miss Joseph. You hit Joseph. You block Joseph's attack.
You barely miss Joseph.
Joseph hits you with a +0 quarterstaff! 😕 HP[-10] MP[-1]
You take 10 damage, and now have 67/81 hp.
You lost 1 mp, and now have 6/8 mp.
You slash Joseph! Joseph hits you but does no damage.
Joseph sighs, "Being a guard is usually so boring..."
You block Joseph's attack. 😕 MP[+1]
You barely miss Joseph. Joseph closely misses you.
You closely miss Joseph. Your headbutt misses Joseph.
Joseph hits you with a +0 quarterstaff!! 😮 HP[-17] MP[-1]
You take 17 damage, and now have 50/81 hp.
MASSIVE DAMAGE!! (PAUSE)
You lost 1 mp, and now have 6/8 mp.
You slash Joseph!
Joseph hits you with a +0 quarterstaff! 😮 HP[-8] MP[-1]
You take 8 damage, and now have 42/81 hp.
You lost 1 mp, and now have 5/8 mp.
You slash Joseph! Joseph hits you with a +0 quarterstaff.
* * * LOW HITPOINT WARNING * * *
😨 HP[-6]
You take 6 damage, and now have 36/81 hp.
You barely miss Joseph. You headbutt Joseph! You block Joseph's attack.
You hit Joseph. Joseph says, "I'm happy to see you.
And I'll be happy to kill you." You block Joseph's attack.
You slash Joseph!
You kill Joseph!
Trog accepts your kill.
You can now go berserk at will. 😨 HP[+1]
You now have 82 max hp (+1).
Items here: ( )) [.
Okay, then.
You start resting.
Magic restored. 😮 HP[+5] MP[+3]
You regained 5 hp, and now have 42/82 hp.
Your mp is fully restored (8). 😮 HP[+1]
You start resting.
HP restored. 😎 HP[+39]
You see here a +0 hand crossbow {crossbow}.
You now have 330 gold pieces (gained 10).
Harold the Weathered comes into view.
He is wielding a +3 battleaxe of freezing and carrying a wand of acid (12).
Harold is nearby!
Harold is nearby!
You throw a stone {throwing}.
The stone {throwing} hits Harold but does no damage.
You throw a stone {throwing}.
The stone {throwing} closely misses Harold.
Harold throws a throwing net.
The throwing net hits you.
You become entangled in the net!
You struggle against the net.
Harold zaps a wand.
The bolt of acid hits you! The acid corrodes you! 😕 HP[-15] MP[-2]
You take 15 damage, and now have 67/82 hp.
You lost 2 mp, and now have 6/8 mp.
You struggle against the net.
Harold fires a harpoon shot at you. The harpoon shot hits you!!
You are yanked forward by the harpoon shot. 😮 HP[-16] MP[-2]
You take 16 damage, and now have 51/82 hp.
You lost 2 mp, and now have 4/8 mp.
You barely miss Harold. You headbutt Harold, but do no damage.
Harold hits you with a +3 battleaxe of freezing!!
* * * LOW HITPOINT WARNING * * *
Harold freezes you.
* * * LOW HITPOINT WARNING * * *
You block Harold's attack. 😨 HP[-24] MP[-2]
You take 24 damage, and now have 27/82 hp.
MASSIVE DAMAGE!! (PAUSE)
You lost 2 mp, and now have 2/8 mp.
You feel much better.
Harold zaps a wand.
The bolt of acid hits you!!!
* * * LOW HITPOINT WARNING * * *
😱 HP[-16] MP[-2]
You take 16 damage, and now have 11/82 hp.
You lost 2 mp, and now have 0/8 mp.
You hit Harold. Harold casts a spell at you. A sentinel's mark forms upon you.
You slash Harold! You headbutt Harold!
Harold zaps a wand.
The bolt of acid hits you!!
You die...

Skill      XL: |  1  2  3  4  5  6  7  8  9 |
---------------+----------------------------+-----
Fighting       | 4 5 6 7 8 |  8.3
Shields        | 4 5 6 7 8 |  8.3
Armour         | 4 5 6 7 8 |  8.3
Long Blades    | 3 4 5 6 7 |  7.8

Action                   |  1- 3 |  4- 6 |  7- 9 || total
-------------------------+-------+-------+-------++-------
Melee: Long sword        |    86 |   114 |   128 ||   328
       Headbutt          |     8 |    15 |    25 ||    48
Throw: Stone             |       |     1 |     2 ||     3
  Use: Scroll            |       |     4 |     4 ||     8
       Potion            |       |       |     1 ||     1
Armor: Scale mail        |    49 |    55 |    43 ||   147
Dodge: Dodged            |    50 |    64 |    49 ||   163
Block: Buckler           |    22 |    28 |    37 ||    87

Levels and vault maps discovered:
D:1:      lemuel_arrival_hallway, layout_rooms,
          hellmonk_ecumenical_altar_lost_god, st_stairs_4
D:2:      layout_rooms, basic_altar, minmay_close_crescents
D:3:      layout_rooms
D:4:      layout_gridville
D:5:      layout_loops_corners, temple_pool_b, serial_shops, shop,
          nicolae_figureground_sparkle
D:6:      layout_loops_cross, nicolae_vehumet_radiance,
          nicolae_gozag_seed_capital
D:7:      layout_basic, enter_ossuary_3, kb_lookout_dungeons_type,
          corexii_corridor_pit, uniq_harold, uniq_joseph,
          uniq_crazy_yiuf_cottage
D:8:      layout_loops_corners, grunt_temple_overflow_open,
          due_lair_maze_entry_diamond, hangedman_decor_slide_cut,
          nicolae_blasting_shop, uniq_pikel, uniq_grum

Notes
Turn   | Place    | Note
-------+----------+-------------------------------------------
     0 | D:1      | Faeu the Minotaur Fighter began the quest for the Orb.
     0 | D:1      | Reached XP level 1. HP: 19/19 MP: 0/0
     0 | D:1      | magus.rc [v1.9.6]
     0 | D:1      | magus.rc [v1.9.6]
   106 | D:1      | Reached XP level 2. HP: 27/27 MP: 1/1
   163 | D:1      | Reached skill level 4 in Fighting
   163 | D:1      | Reached skill level 4 in Shields
   169 | D:1      | Reached skill level 4 in Armour
   353 | D:1      | Reached XP level 3. HP: 29/33 MP: 2/2
   360 | D:1      | Reached skill level 3 in Long Blades
   362 | D:1      | Found a faded altar of an unknown god.
   903 | D:2      | Reached XP level 4. HP: 40/40 MP: 3/3
  1030 | D:2      | Found a glowing silver altar of Zin.
  1472 | D:3      | You pick up a book of Lightning and begin reading...
  1472 | D:3      | You add the spells Static Discharge, Lightning Bolt and
                  | Maxwell's Capacitive Coupling to your library.
  1725 | D:3      | Reached XP level 5. HP: 47/47 MP: 4/4
  1805 | D:3      | Identified the +6 long sword "Dyrefymy" {vorpal, rN+ Str+7
                  | Stlth-}
  2195 | D:4      | You pick up a book of Callings and begin reading...
  2195 | D:4      | You add the spells Summon Small Mammal, Call Canine
                  | Familiar and Summon Guardian Golem to your library.
  2217 | D:4      | Reached skill level 4 in Long Blades
  2222 | D:4      | Reached skill level 5 in Fighting
  2233 | D:4      | Reached skill level 5 in Armour
  2233 | D:4      | Reached skill level 5 in Shields
  2610 | D:4      | Reached XP level 6. HP: 56/56 MP: 5/5
  2829 | D:5      | Entered Level 5 of the Dungeon
  2831 | D:5      | Found Vuzocerr's Book Boutique.
  2982 | D:5      | You fall into a shaft and drop 3 floors!
  3039 | D:8      | Noticed a yak
  3050 | D:8      | Killed a yak
  3051 | D:8      | Reached skill level 5 in Long Blades
  3051 | D:8      | Reached XP level 7. HP: 47/62 MP: 4/6
  3053 | D:8      | Reached skill level 6 in Fighting
  3053 | D:8      | Reached skill level 6 in Armour
  3053 | D:8      | Reached skill level 6 in Shields
  3109 | D:8      | Found a sacrificial altar of Ru.
  3111 | D:8      | Found a bloodstained altar of Trog.
  3111 | D:8      | Found a sparkling altar of Nemelex Xobeh.
  3112 | D:8      | Found a blossoming altar of Fedhas.
  3112 | D:8      | Found a shimmering altar of Xom.
  3125 | D:8      | Became a worshipper of Trog the Wrathful
  3561 | D:7      | HP: 15/64 [centaur/arrow (8)]
  3842 | D:7      | Reached skill level 6 in Long Blades
  3842 | D:7      | Reached XP level 8. HP: 30/71 MP: 4/7
  3929 | D:6      | Found a radiant altar of Vehumet.
  4405 | D:5      | Found a staircase to the Ecumenical Temple.
  4505 | D:5      | Reached skill level 7 in Fighting
  4505 | D:5      | Reached skill level 7 in Armour
  4629 | D:5      | Reached skill level 7 in Shields
  4852 | D:6      | You add the spells Scorch, Hailstorm and Ignition to your
                  | library.
  4852 | D:6      | Got the Tome of Blistering Ice {forbidden}
  5060 | D:6      | You pick up a book of Air {forbidden} and begin reading...
  5060 | D:6      | You add the spells Shock, Swiftness and Airstrike to your
                  | library.
  5087 | D:6      | You pick up a book of Minor Magic {forbidden} and begin
                  | reading...
  5087 | D:6      | You add the spells Magic Dart, Call Imp and Mephitic Cloud
                  | to your library.
  5181 | D:6      | Reached skill level 7 in Long Blades
  5352 | D:6      | Reached XP level 9. HP: 81/81 MP: 8/8
  5478 | D:6      | Found an opulent altar of Gozag.
  5491 | D:6      | Reached skill level 8 in Fighting
  5491 | D:6      | Reached skill level 8 in Armour
  5615 | D:7      | Reached skill level 8 in Shields
  5620 | D:7      | Reached * piety under Trog
  5816 | D:7      | Noticed Joseph
  5832 | D:7      | Killed Joseph
  6115 | D:7      | Noticed Harold
  6121 | D:7      | HP: 11/82 [Harold/bolt of acid (38)]
  6123 | D:7      | Killed from afar by Harold

Vanquished Creatures
  Joseph (D:7)
  A yak (D:8)
  A water moccasin (D:7)
  5 black bears
  A sky beast (D:6)
  An ogre (D:5)
  A centaur (D:7)
  2 bullfrogs
  A gnoll sergeant (D:8)
  2 scorpions
  A water moccasin zombie (D:6)
  A howler monkey (D:5)
  A wight (D:7)
  A bullfrog zombie (D:5)
  A jelly (D:5)
  A centaur zombie (D:8)
  2 human zombies (D:7)
  2 orc priests (D:6)
  2 hounds
  3 iguanas
  4 orc wizards (D:6)
  A scorpion zombie (D:5)
  A howler monkey zombie (D:4)
  3 gnolls (D:8)
  9 adders
  A shadow imp (D:6)
  An ufetubus (D:7)
  3 dart slugs
  9 orcs
  6 ball pythons
  9 endoplasms
  3 giant cockroaches
  6 goblins
  5 hobgoblins
  5 jackals
  6 quokkas
  5 bats
  6 frilled lizards
  8 kobolds
  13 rats
  A rat zombie (D:7)
136 creatures vanquished.

Vanquished Creatures (others)
  A bush (D:7)
  32 fungi (D:8)
  39 plants (D:8)
72 creatures vanquished.

Grand Total: 208 creatures vanquished

Table legend:
 A = Non-vault XP
 B = Vault XP
 C = Vault XP percentage of total XP
 D = Non-vault monster count
 E = Vault monster count
 F = Vault count percentage of total count
                 A         B        C        D         E       F
            +---------+---------+-------+---------+---------+-------
      Total |    2246 |    1242 |  35.6 |     121 |      15 |  11.0
            +---------+---------+-------+---------+---------+-------
        D:1 |      51 |       2 |   3.8 |      32 |       2 |   5.9
        D:2 |      67 |       6 |   8.2 |      17 |       4 |  19.0
        D:3 |      76 |       0 |   0.0 |      24 |       0 |   0.0
        D:4 |     180 |       0 |   0.0 |      12 |       0 |   0.0
        D:5 |     398 |       0 |   0.0 |       8 |       0 |   0.0
        D:6 |    1079 |       0 |   0.0 |      19 |       0 |   0.0
        D:7 |     221 |     686 |  75.6 |       4 |       5 |  55.6
        D:8 |     174 |     548 |  75.9 |       5 |       4 |  44.4
            +---------+---------+-------+---------+---------+-------

Illustrated notes

Table legend:
 A = Kills in this place as a percentage of kills in entire the game.
 B = Kills by you in this place as a percentage of kills by you in the entire game.
 C = Kills by friends in this place as a percentage of kills by friends in the entire game.
 D = Other kills in this place as a percentage of other kills in the entire game.
 E = Experience gained in this place as a percentage of experience gained in the entire game.
 F = Experience gained in this place divided by the number of levels of this place that you have seen.
                   A       B       C       D       E      F
               +-------+-------+-------+-------+-------+----------------------
         Total | 100.0 | 100.0 |   N/A |   N/A | 100.0 | 436.0
       Dungeon | 100.0 | 100.0 |   N/A |   N/A | 100.0 | 436.0
               +-------+-------+-------+-------+-------+----------------------

Table legend: (Time is in decaauts)
 A = Elapsed time spent in this place.
 B = Non-inter-level travel time spent in this place.
 C = Inter-level travel time spent in this place.
 D = Time resting spent in this place.
 E = Time spent auto-exploring this place.
 F = Levels seen in this place.
 G = Mean time per level.
                   A        B        C        D        E       F      G
               +--------+--------+--------+--------+--------+-----+--------+
         Total |   6187 |   6017 |    170 |    628 |   3061 |   8 |  773.4 |
       Dungeon |   6187 |   6017 |    170 |    628 |   3061 |   8 |  773.4 |
               +--------+--------+--------+--------+--------+-----+--------+

Top non-repeatable levels by time:
     D:7: 1234 daAuts
     D:5: 1060 daAuts
     D:4: 836 daAuts
     D:6: 792 daAuts
     D:3: 752 daAuts
     D:1: 742 daAuts
     D:2: 546 daAuts
     D:8: 222 daAuts
